Map: Dreamcatcher LE

Players

Cure - Winner!

  • Race: Terran Terran
  • League: Master
  • Spawn Location: 11:00

Harstem

  • Race: Protoss Protoss
  • League: Master
  • Spawn Location: 5:00

Event: HomeStory Cup XVIII

VOD

Have the link to the VOD?

Description

Time

  • Played on: Nov. 22, 2018, 1:34 p.m.
  • Length: 9:21

All games in this series

Show
View Real Time Build Order
Export as new Build Order

Cure Terran - Winner!

Build Orders: Gas First Reaper Expand, Reaper Expand 

Get SALT Encoding   

  12  0:00  SCV  
  13  0:12  SCV  
  14  0:17  Supply Depot  
  14  0:24  SCV  
  15  0:28  Refinery  
  15  0:38  SCV  
  16  0:43  Barracks  
  16  0:50  SCV  
  17  1:02  SCV  
  18  1:15  SCV  
  19  1:30  Reaper, Orbital Command  
  20  1:43  Command Center  
  20  1:54  Factory  
  20  1:56  SCV  
  21  2:06  Barracks Reactor  
  21  2:09  SCV  
  21  2:11  Supply Depot  
  21  2:15  Refinery  
  22  2:21  SCV  
  23  2:33  SCV  
  24  2:38  Hellion  
  24  2:42  Marine x2  
  24  2:43  Starport  
  28  2:45  SCV  
  28  2:54  Orbital Command  
  28  2:57  SCV  
  29  3:00  Marine  
  29  3:01  Marine  
  29  3:05  Widow Mine  
  33  3:09  SCV  
  34  3:20  SCV  
  34  3:21  Marine x2, SCV  
  34  3:23  Medivac  
  40  3:29  Supply Depot  
  40  3:30  Factory Tech Lab  
  40  3:33  SCV  
  41  3:35  SCV  
  41  3:39  Marine x2  
  44  3:46  SCV  
  44  3:47  SCV  
  46  3:51  Siege Tank  
  49  3:56  Barracks  
  49  3:58  SCV  
  49  3:59  SCV  
  51  4:03  Barracks  
  51  4:07  Supply Depot  
  51  4:10  SCV  
  51  4:11  SCV  
  51  4:16  Engineering Bay  
  53  4:20  Marine  
  53  4:22  Starport Tech Lab  
  53  4:24  SCV x2  
  54  4:28  Marine  
  55  4:31  Supply Depot  
  55  4:34  Supply Depot  
  55  4:36  SCV x2  
  57  4:40  Marine  
  57  4:43  Factory Reactor  
  58  4:45  Terran Infantry Weapons Level 1  
  58  4:46  Marine  
  58  4:48  SCV x2  
  58  4:49  Starport Reactor  
  58  4:51  Stimpack  
  61  4:55  Marauder  
  61  4:57  Marauder  
  61  4:59  Refinery  
  65  5:00  SCV x2  
  65  5:03  Supply Depot, Marine  
  65  5:04  Marine  
  69  5:08  Supply Depot  
  69  5:17  Marauder  
  69  5:18  Marauder, Combat Shield  
  69  5:19  SCV x2  
  69  5:20  Marine  
  76  5:21  Marine  
  76  5:26  Medivac  
  79  5:31  Supply Depot  
  79  5:34  Widow Mine x2  
  83  5:39  Marine x2  
  83  5:40  Marauder x2  
  89  5:46  Supply Depot  
  89  5:50  Command Center  
  89  5:53  Medivac  
  89  5:56  Widow Mine  
  93  5:57  Widow Mine  
  93  6:01  Supply Depot  
  93  6:02  Marauder  
  99  6:04  Marauder, Marine  
  99  6:06  Marine  
  101  6:14  Supply Depot  
  101  6:17  Widow Mine  
  103  6:19  Widow Mine  
  103  6:21  Medivac  
  103  6:22  Marine  
  103  6:24  Supply Depot, Marine  
  109  6:28  Marauder x2  
  112  6:40  Marine  
  112  6:41  Marine  
  113  6:47  Supply Depot, Terran Infantry Armor Level 1  
  113  6:49  Marauder x2  
  117  6:55  Barracks  
  117  6:56  Refinery  
  117  6:57  Barracks  
  115  7:01  Widow Mine x2  
  115  7:07  Orbital Command  
  115  7:08  SCV x2  
  119  7:15  Marauder x2  
  122  7:16  Marine x2  
  122  7:22  SCV x2  
  115  7:24  Widow Mine x2, Medivac  
  111  7:33  SCV  
  111  7:34  SCV  
  111  7:36  SCV  
  113  7:37  Marine  
  113  7:38  Marine, Marauder x2, Concussive Shells  
  113  7:43  Barracks Tech Lab  
  119  7:44  Barracks Reactor  
  119  7:47  Widow Mine x2  
  123  7:57  Marine  
  123  7:58  Marine  
  115  7:59  Marauder x2, SCV x3  
  121  8:06  Marauder  
  121  8:08  Medivac  
  120  8:13  SCV x3  
  120  8:15  Marine x2  
  120  8:19  Widow Mine x2  
  124  8:20  Marauder  
  124  8:21  Marauder  
  124  8:22  Refinery  
  124  8:24  Refinery  
  124  8:25  SCV x3  
  129  8:27  Marauder  
  125  8:34  Marine x4  
  127  8:42  Marauder x2  
  127  8:43  Widow Mine  
  127  8:44  Widow Mine  
  129  8:49  Marauder  
  129  8:52  SCV x2  
  129  8:53  SCV  
  133  8:58  Marine x2  
  133  8:59  Marine x2  
  132  9:03  Armory  
  132  9:04  Engineering Bay  
Show
View Real Time Build Order
Export as new Build Order

Harstem Protoss 

Build Orders: 1 Gate Expand, Double Forge, Blink Stalkers, Chargelot Immortal 

Get SALT Encoding   

  12  0:01  Probe  
  13  0:13  Probe  
  14  0:17  Pylon  
  14  0:25  Probe  
  15  0:33  Probe  
  15  0:37  Gateway  
  15  0:41  Probe  
  16  0:46  Assimilator  
  17  0:52  Probe  
  19  1:04  Probe  
  19  1:16  Probe  
  20  1:23  Nexus  
  20  1:33  Cybernetics Core  
  20  1:36  Probe  
  21  1:43  Assimilator  
  21  1:49  Probe  
  21  1:52  Pylon  
  22  2:01  Adept, Probe  
  23  2:10  Warp Gate  
  23  2:13  Probe  
  26  2:21  Stalker  
  26  2:22  Robotics Facility  
  26  2:25  Probe  
  26  2:36  Probe  
  29  2:38  Probe  
  30  2:48  Probe  
  30  2:51  Probe  
  32  2:55  Twilight Council  
  32  3:00  Probe  
  32  3:02  Blink  
  32  3:03  Probe  
  34  3:17  Probe  
  34  3:18  Probe  
  34  3:19  Observer  
  37  3:21  Gateway  
  37  3:23  Gateway  
  37  3:25  Probe  
  37  3:30  Probe  
  37  3:33  Probe  
  40  3:42  Probe  
  40  3:43  Stalker  
  40  3:44  Probe  
  40  3:46  Pylon  
  44  3:52  Observer, Assimilator  
  44  3:54  Probe  
  46  4:02  Pylon  
  46  4:04  Probe  
  46  4:06  Probe  
  48  4:16  Probe  
  49  4:18  Nexus  
  49  4:19  Probe  
  50  4:27  Stalker x2  
  54  4:31  Stalker  
  54  4:36  Forge  
  56  4:41  Forge  
  56  4:43  Charge, Pylon  
  56  4:45  Probe  
  57  4:49  Probe  
  58  4:53  Pylon  
  58  4:55  Observer  
  59  5:03  Probe  
  59  5:04  Protoss Ground Armor Level 1, Protoss Ground Weapons Level 1  
  59  5:07  Sentry  
  63  5:16  Probe  
  63  5:17  Gateway  
  63  5:18  Gateway  
  63  5:22  Gateway, Probe  
  63  5:28  Probe  
  65  5:31  Immortal  
  65  5:35  Zealot x2  
  71  5:40  Probe  
  75  5:42  Probe  
  75  5:47  Zealot  
  75  5:48  Probe  
  78  5:52  Probe  
  78  5:53  Observer  
  78  5:55  Probe  
  80  5:59  Zealot x2  
  80  6:02  Pylon  
  84  6:04  Probe  
  84  6:06  Immortal  
  88  6:13  Zealot x2  
  88  6:17  Probe  
  93  6:20  Pylon  
  93  6:21  Probe  
  93  6:24  Pylon  
  95  6:26  Zealot  
  96  6:37  Zealot x2  
  100  6:41  Pylon  
  100  6:42  Pylon  
  100  6:45  Zealot x3  
  106  6:47  Zealot  
  106  6:50  Pylon  
  106  6:51  Robotics Bay  
  108  6:59  Immortal  
  108  7:01  Zealot x2  
  110  7:04  Probe  
  110  7:07  Sentry, Stalker x2  
  121  7:10  Stalker  
  121  7:14  Pylon  
  111  7:23  Zealot x2  
  97  7:31  Zealot x3, Immortal  
  97  7:34  Probe  
  98  7:41  Zealot  
  104  7:44  Zealot x2  
  102  7:51  Zealot  
  102  7:52  Zealot x2  
  94  8:03  Sentry  
  94  8:04  Zealot x2  
  98  8:08  Shield Battery  
  98  8:11  Immortal  
  94  8:17  Zealot x3  
  94  8:19  Probe  
  93  8:22  Pylon  
  93  8:24  Gateway  
  93  8:26  Gateway  
  93  8:31  Zealot x3  
  80  8:42  Zealot x3  
  77  8:49  Zealot x2  
  77  8:51  Zealot  
  79  9:01  Probe  
  68  9:04  Stalker x2  
  68  9:05  Zealot  
  68  9:07  Probe  
  65  9:13  Zealot x3  
Tags
 
Add a new tag
Caveats
  • Supply blocks, unpowered buildings, or Contaminate may cause inaccurate times.
  • Supply counts are checked every 10 seconds.